 Dungeon Crawl Stone Soup version 0.20-a0-1122-gb7cbeb9 (webtiles) character file.

26394 Duffy the Cleaver (level 13, -3/123 HPs)
             Began as a Naga Chaos Knight on May 13, 2017.
             Slain by a crocodile (6 damage)
             ... on level 6 of the Lair of Beasts.
             The game lasted 00:20:33 (20180 turns).

Duffy the Cleaver (Naga Chaos Knight)              Turns: 20180, Time: 00:20:34

Health: -3/123     AC: 28    Str: 24    XL:     13   Next: 25%
Magic:  17/17      EV:  8    Int: 14    God:    Xom [*.....]
Gold:   671        SH:  0    Dex: 12    Spells: 12/12 levels left

rFire    . . .     SeeInvis +   m - +1 battleaxe (chop)
rCold    + . .     Gourm    .   (shield currently unavailable)
rNeg     . . .     Faith    .   b - +5 ring mail of the Griffon {rCorr}
rPois    +         Spirit   .   w - +2 hat
rElec    +         Reflect  .   B - +1 cloak
rCorr    +         Harm     .   H - +2 pair of gloves "Enyt" {rElec rC+ rCorr Stlth+}
MR       ++...                  G - +0 naga barding {Stlth+}
Stlth    +++.......             i - amulet of rage
Regen    0.3/turn               O - +5 ring of strength
MPRegen  0.2/turn               s - +1 ring of slaying

@: slowed, very slow
A: antennae 1, stinger 1, see invisible, agile 1, deformed body, magic
resistance 1, poison resistance, screaming 1, shaggy fur 1, slowness 2, slow
metabolism 1, spit poison 2, constrict 1, AC +4
a: Breathe Poison Gas, Renounce Religion, Evoke Berserk Rage


You were on level 6 of the Lair of Beasts.
You worshipped Xom.
You were a special plaything of Xom.
You were not hungry.

You visited 2 branches of the dungeon, and saw 16 of its levels.

You collected 795 gold pieces.
You spent 124 gold pieces at shops.

Inventory:

Hand Weapons
 a - a +1 hand axe of chaos
 f - the +5 quarterstaff of Past Mistakes {freeze, rElec rPois SInv}
   (You found it on level 6 of the Dungeon)

   It has been specially enchanted to freeze those struck by it, causing extra
   injury to most foes and up to half again as much damage against particularly
   susceptible opponents.
   It can also slow down cold-blooded creatures.
   It insulates you from electricity.
   It protects you from poison.
   It lets you see invisible.
 m - a +1 battleaxe of chopping (weapon)
 n - a +0 battleaxe
 q - a +1 vampiric hand axe
 u - a +0 war axe
Armour
 b - the +5 ring mail of the Griffon (worn) {rCorr}
   (You found it on level 10 of the Dungeon)

   It protects you from acid and corrosion.
 w - a +2 hat (worn)
 A - a +0 plate armour
 B - a +1 cloak (worn)
 G - a +0 naga barding of stealth (worn)
 H - the +2 pair of gloves "Enyt" (worn) {rElec rC+ rCorr Stlth+}
   (You found it on level 9 of the Dungeon)

   It protects you from cold.
   It insulates you from electricity.
   It protects you from acid and corrosion.
   It makes you more stealthy.
Jewellery
 i - an amulet of rage (around neck)
 s - a +1 ring of slaying (right hand)
 O - a +5 ring of strength (left hand)
Wands
 h - a wand of lightning (5/15)
 k - a wand of polymorph (12/24)
 r - a wand of enslavement (14/24)
 x - a wand of lightning (5/15)
 y - a wand of disintegration (3/24)
 C - a wand of disintegration (11/24)
 F - a wand of iceblast (6/15)
 J - a wand of random effects (35/48)
 Q - a wand of acid (6/15)
Scrolls
 e - 3 scrolls of enchant weapon
 g - 3 scrolls of recharging
 o - 7 scrolls of remove curse
 z - a scroll of immolation
 D - 2 scrolls of fog
 K - 2 scrolls of enchant armour
 N - a scroll of identify
Potions
 j - a potion of invisibility
 l - 5 potions of curing
 v - 3 potions of resistance
 E - 2 potions of might
 M - 2 potions of agility
 P - 2 potions of heal wounds
Miscellaneous
 t - a phantom mirror
 I - a sack of spiders
Comestibles
 c - 2 bread rations
 d - 16 royal jellies
 p - 9 meat rations


   Skills:
 - Level 10.0 Fighting
 + Level 14.8 Axes
 + Level 8.9 Armour
 - Level 4.2 Dodging
 - Level 6.5 Evocations


You had 12 spell levels left.
You didn't know any spells.

Dungeon Overview and Level Annotations

Branches:
Dungeon (10/15)            Temple (0/1) D:6            Lair (6/6) D:8
 Shoals (0/4) Lair:2        Snake (0/4) Lair:4        Slime (0/5) Lair:5
    Orc: D:9-12

Altars:
Dithmenos
Qazlal
Xom
Yredelemnul
Zin
The Shining One

Shops:
D:10 *


Innate Abilities, Weirdness & Mutations

You cannot wear boots.
Your serpentine skin is tough. (AC +4)
You have supernaturally acute eyesight. (SInv)
Armour fits poorly on your strangely shaped body.
Your system is resistant to poisons. (rPois)
You cover ground very slowly.
You have a slow metabolism.
You can exhale a cloud of poison.
You can use your snake-like lower body to constrict enemies.
You have a pair of small antennae on your head.
Your tail ends in a poisonous barb.
You are agile. (Dex +2)
You are resistant to hostile enchantments. (MR+)
You occasionally shout uncontrollably at your foes.
You are covered in fur. (AC +1)


Message History

You slash the crocodile! You grab the crocodile. You tail-slap the crocodile.
The crocodile is poisoned.
The crocodile is heavily wounded.
You hit the torpor snail. You hit the dream sheep. You hit the warg.
You barely miss the dream sheep. You constrict the crocodile.
The warg bites you but does no damage. The crocodile closely misses you.
The dream sheep bites you but does no damage.
The dream sheep barely misses you. The torpor snail bites you!
You hit the crocodile.
The crocodile is almost dead.
You slash the dream sheep! You closely miss the warg.
You barely miss the dream sheep. You hit the torpor snail.
You constrict the crocodile, but do no damage.
The warg bites you but does no damage. The wolf bites you but does no damage.
The crocodile barely misses you. The dream sheep bites you.
The dream sheep bites you but does no damage.
The warg bites you but does no damage. The torpor snail barely misses you.
The wolf bites you! The crocodile bites you.
You die...
Xom chortles!

#.............#
##............##
#......P......#
#.......PP....## #
#.#...PPP####..# ##.#
####..P####.#P.####...#.
##.P.# ##....P#.......
##..P.# #......h#..=..#
#P.P#.##......Y@h#
##...%##.....!.wtY.#
#P.%...............#
#..%.#.............P#
.......%.........P...#
..PP...................
..###.#................#
..# ####................
...# ......


You could see a torpor snail, a warg, a crocodile, a wolf and 2 dream sheep.

Vanquished Creatures
  A hydra (Lair:5)
  A catoblepas (Lair:4)
  A two-headed ogre (D:10)
  Pikel (D:8)
  An obsidian statue (D:10)
  A manticore (Lair:2)
  Joseph (D:7)
  Maurice (D:8)
  The ghost of North the Cutter, a novice KoGl of Uskayaw (D:5)
  2 black mambas
  9 spiny frogs
  2 rime drakes
  4 komodo dragons
  2 trolls
  4 hornets
  A polar bear (Lair:4)
  3 slime creatures (Lair:5)
  11 blink frogs
  3 hippogriffs
  A spriggan (Lair:2)
  The ghost of Shinoi the Firebug, an amateur DEFE (D:4)
  23 yaks
  7 wyverns
  The ghost of Duffy the Chopper, an amateur NaCK of Xom (D:3)
  A basilisk (Lair:1)
  A warg (Lair:6)
  A soldier ant (D:9)
  9 water moccasins
  Duvessa (D:7)
  9 porcupines
  2 orc warriors
  An ice beast (D:5)
  2 phantoms
  2 black bears
  A wolf (Lair:6)
  4 ogres
  5 centaurs
  10 crocodiles
  A boggart (D:4)
  A big kobold (D:10)
  14 bullfrogs
  Dowan (D:7)
  2 scorpions
  11 killer bees
  2 electric eels (Lair:4)
  6 wights
  2 crimson imps
  A bullfrog zombie (D:9)
  A quasit (D:8)
  4 jellies
  A hound (D:5)
  4 orc priests
  3 centaur skeletons
  7 orc wizards
  2 bullfrog skeletons
  Natasha (twice) (D:4)
  4 worker ants
  A killer bee zombie (D:8)
  A hound zombie (D:5)
  3 hound skeletons
  17 adders
  12 gnolls
  2 shadow imps
  An adder zombie (D:7)
  An ooze (D:5)
  An adder skeleton (D:5)
  3 worms
  5 dart slugs
  4 leopard geckos
  23 orcs
  5 giant cockroaches
  8 goblins
  11 hobgoblins
  15 jackals
  17 kobolds
  9 quokkas
  3 ball pythons
  10 bats
  5 frilled lizards
  A leopard gecko zombie (D:7)
  13 rats
  2 fungi (Lair:5)
  3 plants
377 creatures vanquished.

Vanquished Creatures (collateral kills)
  3 blink frogs
  6 wights (D:6)
  An orc wizard (D:5)
10 creatures vanquished.

Vanquished Creatures (others)
  2 slaves (D:8)
  An orc priest (D:8)
  An orc (D:8)
  6 fungi
  15 plants
25 creatures vanquished.

Grand Total: 412 creatures vanquished

Notes
Turn   | Place    | Note
-------+----------+-------------------------------------------
     0 | D:1      | Duffy the Naga Chaos Knight began the quest for the Orb.
     0 | D:1      | Reached XP level 1. HP: 21/21 MP: 1/1
    61 | D:1      | XOM: harmless Air miscast
   135 | D:1      | XOM: potion effect (brilliance)
   294 | D:1      | Reached XP level 2. HP: 28/28 MP: 2/2
   480 | D:1      | XOM: polymorph bat -> orc
   584 | D:1      | Reached skill level 4 in Axes
   589 | D:1      | Reached XP level 3. HP: 23/34 MP: 3/3
  1039 | D:1      | XOM: god gift: leather armour {god gift}
  1287 | D:2      | XOM: harmless Chrm miscast
  1435 | D:2      | Reached XP level 4. HP: 38/42 MP: 4/4
  1563 | D:2      | XOM: harmless Erth miscast
  1569 | D:2      | Found a faded altar of an unknown god.
  1600 | D:2      | XOM: cloud trail
  1690 | D:2      | Reached skill level 5 in Axes
  2139 | D:3      | XOM: noise
  2472 | D:3      | Noticed Duffy's ghost (amateur NaCK)
  2476 | D:3      | XOM: silly message
  2482 | D:3      | Killed Duffy's ghost
  2482 | D:3      | Reached skill level 6 in Axes
  2482 | D:3      | Reached XP level 5. HP: 49/49 MP: 1/5
  2482 | D:3      | Reached XP level 6. HP: 56/56 MP: 1/6
  2527 | D:3      | XOM: harmless Pois miscast
  2554 | D:3      | XOM: harmless Tloc miscast
  2561 | D:3      | XOM: mild Fire miscast
  2646 | D:3      | XOM: mild Conj miscast
  2676 | D:3      | XOM: harmless Erth miscast
  2800 | D:3      | XOM: silly message
  2965 | D:3      | XOM: medium Necr miscast
  3111 | D:3      | Found a shadowy altar of Dithmenos.
  3111 | D:3      | Found a shimmering altar of Xom.
  3113 | D:3      | Found a stormy altar of Qazlal.
  3235 | D:3      | Reached skill level 7 in Axes
  3359 | D:3      | XOM: give mutations
  3359 | D:3      | Gained mutation: You possess an exceptional clarity of mind. [Xom's grace]
  3359 | D:3      | Gained mutation: You are robust. (+10% HP) [Xom's grace]
  3359 | D:3      | Gained mutation: Your muscles are strong. (Str +2) [Xom's grace]
  3477 | D:3      | XOM: mild Hex miscast
  3746 | D:3      | XOM: give mutations
  3746 | D:3      | Gained mutation: You have a pair of small horns on your head. [Xom's grace]
  3746 | D:3      | Gained mutation: Your mind is acute. (Int +2) [Xom's grace]
  3746 | D:3      | Gained mutation: You passively map a small area around you. [Xom's grace]
  3746 | D:3      | Gained mutation: You are very robust. (+20% HP) [Xom's grace]
  4077 | D:4      | Noticed Natasha
  4091 | D:4      | Killed Natasha
  4115 | D:4      | Noticed a phantom
  4123 | D:4      | Noticed Blork the orc
  4129 | D:4      | XOM: summons friendly iron imp
  4133 | D:4      | XOM: confuse monster(s)
  4147 | D:4      | Noticed Blork
  4147 | D:4      | Blork the orc changed into Blork the boggart
  4147 | D:4      | XOM: polymorph Blork the orc -> Blork the boggart
  4150 | D:4      | XOM: confuse monster(s)
  4151 | D:4      | Killed Blork the boggart
  4151 | D:4      | Reached XP level 7. HP: 67/74 MP: 7/7
  4252 | D:3      | XOM: silly message
  4515 | D:4      | Noticed Shinoi's ghost (amateur DEFE)
  4522 | D:4      | Killed Shinoi's ghost
  4522 | D:4      | Reached skill level 8 in Axes
  4529 | D:4      | Noticed Natasha
  4535 | D:4      | Killed Natasha
  4536 | D:4      | XOM: summons 4 hostile shadow creatures
  4662 | D:4      | Lost mutation: You have a pair of small horns on your head. [potion of mutation]
  4662 | D:4      | Lost mutation: Your mind is acute. (Int +2) [potion of mutation]
  4662 | D:4      | Lost mutation: You possess an exceptional clarity of mind. [potion of mutation]
  4662 | D:4      | Lost mutation: Your muscles are strong. (Str +2) [potion of mutation]
  4662 | D:4      | Lost mutation: You are very robust. (+20% HP) [potion of mutation]
  4662 | D:4      | Gained mutation: You are very robust. (+20% HP) [potion of mutation]
  4707 | D:4      | Reached XP level 8. HP: 55/87 MP: 8/8
  4793 | D:4      | XOM: scenery: create altars
  5066 | D:5      | XOM: stealth player
  5066 | D:5      | Entered Level 5 of the Dungeon
  5082 | D:5      | XOM: confuse monster(s)
  5109 | D:5      | XOM: confuse monster(s)
  5514 | D:5      | Reached skill level 9 in Axes
  5515 | D:5      | XOM: mild Necr miscast
  5681 | D:5      | XOM: scenery: create altars
  5682 | D:5      | Reached skill level 5 in Fighting
  5689 | D:5      | XOM: summons 2 friendly demons
  5691 | D:5      | XOM: summons friendly shadow imp
  5749 | D:5      | Noticed North's ghost (novice KoGl)
  5753 | D:5      | XOM: cast spell 'Cause Fear'
  5764 | D:5      | XOM: noise
  5765 | D:5      | XOM: summons friendly white imp
  5775 | D:5      | XOM: divination: magic mapping
  5791 | D:5      | Killed North's ghost
  5791 | D:5      | Reached skill level 10 in Axes
  6292 | D:5      | XOM: polymorph orc -> adder
  6301 | D:5      | Reached XP level 9. HP: 72/98 MP: 9/9
  6374 | D:5      | XOM: give mutations
  6374 | D:5      | Gained mutation: You are clumsy. (Dex -2) [Xom's mischief]
  6374 | D:5      | Gained mutation: Your body sometimes deteriorates upon taking damage. [Xom's mischief]
  6374 | D:5      | Lost mutation: You are clumsy. (Dex -2) [Xom's mischief]
  6651 | D:6      | Got a crude quarterstaff
  6652 | D:6      | Identified the +5 quarterstaff of Past Mistakes {freeze, rElec rPois SInv} (You found it on level 6 of the Dungeon)
  6852 | D:6      | XOM: repel stairs
  6939 | D:6      | Found a glowing silver altar of Zin.
  6991 | D:6      | Found a shadowy altar of Dithmenos.
  6991 | D:6      | XOM: give mutations
  6991 | D:6      | Gained mutation: Your body often deteriorates upon taking damage. [Xom's mischief]
  6991 | D:6      | Gained mutation: You occasionally shout uncontrollably at your foes. [Xom's mischief]
  6991 | D:6      | Lost mutation: Your body often deteriorates upon taking damage. [Xom's mischief]
  6991 | D:6      | Gained mutation: You are clumsy. (Dex -2) [Xom's mischief]
  7120 | D:6      | XOM: summons 3 hostile demons
  7415 | D:6      | Found a basalt altar of Yredelemnul.
  7420 | D:6      | Found a staircase to the Ecumenical Temple.
  7426 | D:6      | XOM: 2-stop teleportation journey
  7441 | D:6      | Found a glowing golden altar of the Shining One.
  7448 | D:6      | Noticed an angel
  8077 | D:7      | Noticed Duvessa
  8077 | D:7      | Noticed Dowan
  8101 | D:7      | Killed Duvessa
  8106 | D:7      | Killed Dowan
  8367 | D:7      | Noticed Joseph
  8372 | D:7      | XOM: cast spell 'Ring of Flames'
  8375 | D:7      | Killed Joseph
  8513 | D:7      | Reached skill level 11 in Axes
  9115 | D:8      | XOM: confuse monster(s)
  9116 | D:8      | Reached XP level 10. HP: 77/118 MP: 10/10
  9313 | D:8      | XOM: summons friendly quasit
  9523 | D:8      | Noticed Maurice
  9532 | D:8      | Killed Maurice
  9617 | D:8      | XOM: cloud trail
  9694 | D:8      | XOM: harmless Chrm miscast
  9739 | D:8      | Noticed Pikel
  9758 | D:8      | Killed Pikel
  9762 | D:8      | XOM: divination: magic mapping
  9769 | D:8      | Lost mutation: You are very robust. (+20% HP) [potion of mutation]
  9769 | D:8      | Lost mutation: You occasionally shout uncontrollably at your foes. [potion of mutation]
  9769 | D:8      | Lost mutation: You are clumsy. (Dex -2) [potion of mutation]
  9769 | D:8      | Lost mutation: Your body sometimes deteriorates upon taking damage. [potion of mutation]
  9769 | D:8      | Lost mutation: You passively map a small area around you. [potion of mutation]
  9769 | D:8      | Lost mutation: You are robust. (+10% HP) [potion of mutation]
  9769 | D:8      | Gained mutation: You occasionally shout uncontrollably at your foes. [potion of mutation]
  9769 | D:8      | Gained mutation: You are resistant to hostile enchantments. (MR+) [potion of mutation]
  9920 | D:8      | Reached skill level 10 in Fighting
 10285 | D:8      | Found a staircase to the Lair.
 10333 | D:9      | XOM: confusion (+ monsters)
 10429 | D:9      | Reached skill level 1 in Dodging
 10433 | D:9      | Reached skill level 1 in Evocations
 10737 | D:9      | Got a pair of heavily runed gloves
 10748 | D:9      | Identified the +2 pair of gloves "Enyt" {rElec rC+ rCorr Stlth+} (You found it on level 9 of the Dungeon)
 10785 | D:9      | XOM: mild Tloc miscast
 10828 | D:9      | XOM: destruction
 10835 | D:9      | XOM: confusion (+ monsters)
 10855 | D:9      | XOM: god gift: potion of curing
 10860 | D:9      | XOM: harmless Chrm miscast
 10966 | D:9      | XOM: god gift: wand of enslavement (?/24) {god gift}
 11515 | D:9      | Reached skill level 12 in Axes
 11947 | D:9      | Reached XP level 11. HP: 81/108 MP: 13/13
 12017 | D:9      | XOM: god gift: book of the Warp
 12175 | D:10     | Entered Level 10 of the Dungeon
 12599 | D:10     | XOM: potion effect (agility)
 12662 | D:10     | Found Hegim's Assorted Antiques.
 12672 | D:10     | Bought a scroll labeled TAKKEI LAXIAQ for 31 gold pieces
 12672 | D:10     | Bought a scroll labeled LAMA YGI YZEQO for 31 gold pieces
 12672 | D:10     | Bought a scroll of identify for 62 gold pieces
 12836 | D:10     | XOM: medium Erth miscast
 12863 | D:10     | Noticed a two-headed ogre
 13241 | D:10     | Killed a two-headed ogre
 13285 | D:10     | XOM: harmless Necr miscast
 13493 | D:10     | XOM: cloud trail
 13612 | D:10     | Noticed an obsidian statue
 13869 | D:10     | XOM: harmless Pois miscast
 14010 | D:10     | XOM: mild Air miscast
 14272 | D:10     | Killed an obsidian statue
 14275 | D:10     | Got a translucent ring mail
 14300 | D:9      | Identified the +5 ring mail of the Griffon {rCorr} (You found it on level 10 of the Dungeon)
 14367 | Lair:1   | Entered Level 1 of the Lair of Beasts
 14603 | Lair:1   | XOM: noise
 14605 | Lair:1   | Reached skill level 5 in Evocations
 14628 | Lair:1   | XOM: stat loss: -1 Int (12/13)
 14762 | Lair:1   | XOM: god gift: scroll of teleportation
 14783 | Lair:1   | XOM: mild Tmut miscast
 14897 | Lair:1   | XOM: god gift: scroll labeled FAMEHE CETSAR {god gift}
 15056 | Lair:1   | XOM: silly message
 15085 | Lair:1   | XOM: divination: magic mapping
 15119 | Lair:1   | XOM: give mutation
 15119 | Lair:1   | Gained mutation: Your tail ends in a poisonous barb. [Xom's grace]
 15428 | Lair:2   | Found a staircase to the Shoals.
 15428 | Lair:2   | Noticed a manticore
 15434 | Lair:2   | Killed a manticore
 15434 | Lair:2   | Reached skill level 5 in Armour
 15693 | Lair:2   | XOM: silly message
 15837 | Lair:2   | XOM: confuse monster(s)
 15846 | Lair:2   | Reached XP level 12. HP: 71/116 MP: 16/16
 16047 | Lair:2   | XOM: 1-stop teleportation journey
 16080 | Lair:2   | XOM: god gift: 2 steel javelins
 16280 | Lair:2   | Reached skill level 13 in Axes
 16706 | Lair:3   | XOM: god gift: leather armour {god gift}
 16851 | Lair:3   | XOM: give mutations
 16851 | Lair:3   | Gained mutation: You are covered in fur. (AC +1) [Xom's grace]
 16851 | Lair:3   | Gained mutation: You can exhale a cloud of poison. [Xom's grace]
 17058 | Lair:3   | XOM: cleaving
 17065 | Lair:3   | XOM: cast spell 'Summon Mana Viper'
 17109 | Lair:3   | XOM: god gift: large silver ring {god gift}
 17430 | Lair:3   | XOM: smoke on damage
 17568 | Lair:3   | XOM: scenery: create altars
 17639 | Lair:3   | XOM: god gift: 21 stones
 17709 | Lair:3   | XOM: scenery: 2 doors open
 17830 | Lair:3   | HP: 4/116 [komodo dragon (20)]
 17832 | Lair:3   | Xom revived you
 17836 | Lair:3   | XOM: confuse monster(s)
 17861 | Lair:3   | XOM: give mutations
 17861 | Lair:3   | Gained mutation: You are agile. (Dex +2) [Xom's grace]
 17861 | Lair:3   | Gained mutation: You have a pair of small antennae on your head. [Xom's grace]
 18085 | Lair:3   | XOM: mild Conj miscast
 18109 | Lair:3   | XOM: god gift: 3 scrolls of teleportation
 18267 | Lair:4   | Noticed a catoblepas
 18277 | Lair:4   | Killed a catoblepas
 18613 | Lair:4   | Noticed an eight-headed hydra
 18616 | Lair:4   | XOM: divination: magic mapping
 18986 | Lair:4   | Noticed a five-headed hydra
 18989 | Lair:4   | Found a staircase to the Snake Pit.
 19003 | Lair:4   | XOM: destruction
 19006 | Lair:5   | Found a staircase to the Slime Pits.
 19012 | Lair:5   | XOM: confusion (+ monsters)
 19066 | Lair:5   | XOM: medium Erth miscast
 19077 | Lair:5   | XOM: medium Air miscast
 19325 | Lair:5   | Reached skill level 14 in Axes
 19540 | Lair:5   | Noticed a five-headed hydra
 19548 | Lair:5   | Killed a five-headed hydra
 19644 | Lair:5   | Gained mutation: You can use your snake-like lower body to constrict enemies. [Naga growth]
 19644 | Lair:5   | Reached XP level 13. HP: 86/123 MP: 17/17
 19755 | Lair:5   | XOM: summons 7 friendly demons
 19898 | Lair:5   | XOM: mild Tloc miscast
 19905 | Lair:6   | XOM: noise
 19905 | Lair:6   | Entered Level 6 of the Lair of Beasts
 19908 | Lair:6   | XOM: repel stairs
 19915 | Lair:6   | XOM: confusion (+ monsters)
 20018 | Lair:6   | XOM: confusion
 20019 | Lair:6   | XOM: summons 13 friendly demons
 20168 | Lair:6   | XOM: harmless Chrm miscast
 20180 | Lair:6   | HP: 3/123 [wolf (8)]
 20180 | Lair:6   | Slain by a crocodile

Vault maps used:
D:1:      ncdulo_smallfort, minmay_crystal_room
D:2:      chequers_ecumenical_altar_island, minmay_pentomino_t4
D:3:      gammafunk_temple_overflow_claw, saegor_snake_ambush
D:4:      uniq_natasha, uniq_blork_the_orc
D:5:      first_bread
D:6:      zin_treasury, grunt_temple_overflow_holy_war,
          minmay_temple_entry_statues_pillars, grunt_decor_one_mirror,
          fountainhead, minmay_misc_feat_alley, minivault_23,
          grunt_dithmenos_smoke_and_mirrors
D:7:      uniq_joseph, uniq_duvessa
D:8:      lair_entry_dummy, uniq_pikel, uniq_maurice
D:9:      hangedman_pestilent_swarm
D:10:     david_orc_5, serial_shops, nicolae_shop_crystal, shop,
          minmay_misc_feat_doors, hangedman_decor_riveting, minivault_15
Lair:1:   serial_bayou_shore_b
Lair:2:   minmay_shoals_entry_beasts, grunt_forest_large_clearing_hut
Lair:3:   grunt_megastairs_1
Lair:4:   dummy_snake_entry, serial_bayou, serial_bayou_pond_d,
          serial_bayou_ford_a, serial_bayou_lake_a, serial_bayou_pond_b
Lair:5:   minmay_slime_entry_pillars
Lair:6:   hangedman_lair_caniforms_friends, hangedman_lair_tendril_chambers,
          portal_ice_cave_entry_pillars_1

Skill      XL: |  1  2  3  4  5  6  7  8  9 10 11 12 |
---------------+-------------------------------------+-----
Axes           | 4 6 7 8 10 11 12 14 | 14.8
Fighting       | 4 6 9 10 | 10.0
Dodging        | 2 4 |  4.2
Evocations     | 3 6 |  6.5
Armour         | 3 5 8 |  8.9

Action                   |  1- 3 |  4- 6 |  7- 9 | 10-12 | 13-15 || total
-------------------------+-------+-------+-------+-------+-------++-------
Melee: Hand axe          |   108 |   180 |   153 |    15 |       ||   456
       Headbutt          |       |     1 |     7 |       |       ||     8
       Quarterstaff      |       |       |    65 |     6 |       ||    71
       Battleaxe         |       |       |    62 |   609 |    57 ||   728
       War axe           |       |       |    28 |       |       ||    28
       Tailslap          |       |       |       |    29 |     7 ||    36
       Constrict         |       |       |       |       |    16 ||    16
 Abil: Spit Poison       |       |       |       |     1 |       ||     1
       Breathe Poison Ga |       |       |       |     3 |       ||     3
       Evoke Berserk Rag |       |       |       |     2 |       ||     2
Evoke: Wand              |       |       |     1 |     6 |       ||     7
  Use: Scroll            |     3 |     7 |     5 |    18 |     1 ||    34
       Potion            |       |     2 |     7 |    10 |     1 ||    20
 Stab: Paralysed         |     1 |       |     7 |       |       ||     8
       Invisible         |       |       |     4 |       |       ||     4
       Distracted        |       |       |     1 |     3 |       ||     4
       Sleeping          |       |       |     1 |     7 |       ||     8
       Confused          |       |       |     1 |     2 |       ||     3
  Eat: Chunk             |     1 |     7 |     9 |    15 |     1 ||    33
       Bread ration      |       |       |     1 |     3 |       ||     4
Armor: Leather armour    |    43 |    68 |   143 |   247 |       ||   501
       Ring mail         |       |       |       |   276 |    46 ||   322
       Plate armour      |       |       |       |    21 |       ||    21
Dodge: Dodged            |    61 |    92 |   151 |   390 |    33 ||   727
